Doug, chaotic male elven Wizard ----- ....d.. ...@..| ------- Doug the Thaumaturge Experience level: 6 Strength: 10 Dexterity: 11 Constitution: 14 Intelligence: 20 Wisdom: 8 Charisma: 11 Health: 0(46) Energy: 62(63) Def: 1 Gold: 372 Moves: 1856 Dungeon seed: mPjK_fIeTPaAHlor Game ID: Doug_1529771792 Your Inventory: Coins $ - 372 gold pieces Weapons x - a blessed +1 quarterstaff B - a +0 dagger Armor e - an uncursed +0 cloak of magic resistance (being worn) Comestibles E - 3 uncursed food rations M - an uncursed cram ration Rings c - an uncursed ring of polymorph control (on left hand) d - an uncursed ring of regeneration Wands b - a wand of secret door detection (0:14) v - a wand of polymorph (0:4) K - a wand of striking (0:5) L - a wand of secret door detection (0:13) Tools a - an uncursed magic whistle l - an uncursed skeleton key n - an uncursed blindfold z - a +0 pick-axe (weapon in hand) A - 4 uncursed tallow candles (0:200) F - an uncursed bag of holding I - an uncursed oil lamp (lit) (0:890) Contents of the bag of holding: 2 uncursed scrolls of confuse monster a cursed scroll of gold detection an uncursed scroll of identify a blessed scroll of light an uncursed scroll of remove curse a blessed potion of blindness an uncursed potion of healing a potion of holy water an uncursed potion of monster detection an uncursed potion of object detection 2 uncursed potions of water Spells and supernatural/magical abilities: Name Level Category Fail Memory a - force bolt 1 attack 0% 91% i - invisibility 4 escape 89% 92% n - detect monsters 1 divination 0% 91% W - pray for help -- divine ? -- Your skills at the end: Fighting Skills Weapon Skills quarterstaff [Basic] Spellcasting Skills attack spells [Basic] enchantment spells [Basic] Final Attributes: You were piously aligned. You were sleep resistant. You were magic-protected. You had infravision. You had polymorph control. You are dead. Vanquished creatures: a large mimic a tengu a gnome king a yeti a water nymph a shrieker 2 gnome lords 3 gnomish wizards a golden naga hatchling a little dog 3 dwarves a rothe a rabid rat 2 hobbits a green mold 11 gnomes 5 geckos 5 jackals 2 foxes a kobold 3 goblins 2 sewer rats 2 grid bugs 2 lichens a newt 55 creatures vanquished. Voluntary challenges: You used a wielded weapon 67 times, starting on turn 71. You read items or engraved 56 times, starting on turn 107. You never genocided any monsters. You never polymorphed an object. You changed form 1 time, starting on turn 1500. You used no wishes. You never split a pudding. You wrote Elbereth's name 33 times, starting on turn 839. You never violated your personal moral code. Dungeon overview: The Dungeons of Doom: levels 1 to 17 Level 1 a long staircase Level 2 a fountain Level 3 a fountain Level 4 a fountain stairs to The Gnomish Mines Level 5 Level 6 Level 7 a fountain Level 8 Level 9 a fountain Level 10 Level 11 Level 12 Level 13 Level 14 Level 15 Level 16 a fountain Level 17 <- You were here The Gnomish Mines: levels 5 to 7 Level 5 stairs to The Dungeons of Doom Level 6 Level 7 many shops, a temple to Anhur, some fountains History has recorded: On T:1 you entered the Dungeons of Doom to retrieve the Amulet of Yendor! On T:19 you reached level 2 of The Dungeons of Doom. On T:193 you reached level 3 of The Dungeons of Doom. On T:507 you advanced to experience level 2. On T:655 you reached level 4 of The Dungeons of Doom. On T:736 you advanced to experience level 3. On T:774 you reached level 1 of The Gnomish Mines. On T:825 you reached level 2 of The Gnomish Mines. On T:871 you reached level 3 of The Gnomish Mines. On T:912 you advanced to experience level 4. On T:1066 you advanced to experience level 5. On T:1481 you advanced to experience level 6. On T:1567 you reached level 5 of The Dungeons of Doom. On T:1580 you reached level 6 of The Dungeons of Doom. On T:1604 you reached level 7 of The Dungeons of Doom. On T:1639 you reached level 8 of The Dungeons of Doom. On T:1645 you reached level 9 of The Dungeons of Doom. On T:1659 you reached level 10 of The Dungeons of Doom. On T:1700 you reached level 11 of The Dungeons of Doom. On T:1719 you reached level 12 of The Dungeons of Doom. On T:1768 you reached level 13 of The Dungeons of Doom. On T:1781 you reached level 14 of The Dungeons of Doom. On T:1794 you reached level 15 of The Dungeons of Doom. On T:1819 you reached level 16 of The Dungeons of Doom. On T:1854 you reached level 17 of The Dungeons of Doom. Score breakdown: Gold: 372 ( 8748 points) Experience: 6 levels (12456 points) Exploration: 17 levels ( 36.17%) (17693 points) Discoveries: 14 items ( 5.05%) ( 6744 points) Valuables value: (no points given unless you survive) Artifact value: 0 ( 0 points) Variety of kills: 25 monsters ( 6.56%) ( 7684 points) Turncount: 1856 turns ( 0 points) Survival: died (score multiplied by 80%) Total score: 42660 Latest messages: You dig a hole through the floor. You fall through... You start digging downward. The gecko bites! You start digging downward. You continue digging downward. (4x) You dig a pit in the floor. The gecko bites! You hit the gecko. (2x) The gecko bites! You miss the gecko. (2x) The gecko bites! You kill the gecko! You continue digging downward. (17x) You dig a hole through the floor. You fall through... The warg bites! You start digging downward. The warg bites! You write in the dust with your fingers. The warg bites! You die... Final status: Goodbye Doug the Wizard, killed by a warg... You died in The Dungeons of Doom on dungeon level 17 with 42660 points, and 372 pieces of gold, after 1856 moves. You were level 6 with a maximum of 46 hit points when you died.